Map: Blackpink LE

Players

Guru

  • Race: Zerg Zerg
  • Spawn Location: 1:00

Stephano - Winner!

  • Race: Zerg Zerg
  • Spawn Location: 7:00

Event: WCS Leipzig 2018

VOD

Have the link to the VOD?

Description

Time

  • Played on: Jan. 26, 2018, 6:57 a.m.
  • Length: 7:12

All games in this series

Show
View Real Time Build Order
Export as new Build Order

Guru Zerg 

Build Orders: Hatch First, Zergling Baneling 

Get SALT Encoding   

  12  0:00  Drone  
  13  0:13  Overlord  
  13  0:17  Drone  
  14  0:31  Drone  
  14  0:32  Drone  
  16  0:37  Drone  
  17  0:53  Hatchery  
  17  0:55  Drone  
  17  0:59  Drone  
  18  1:11  Extractor  
  17  1:15  Spawning Pool  
  17  1:18  Drone  
  17  1:21  Drone  
  18  1:30  Drone  
  19  1:56  Drone  
  20  2:03  Queen  
  20  2:04  Queen  
  20  2:06  Zergling x4  
  26  2:08  Drone  
  26  2:12  Drone, Metabolic Boost  
  28  2:26  Hatchery  
  27  2:30  Drone  
  27  2:34  Overlord  
  28  2:47  Baneling Nest, Drone  
  28  2:49  Overlord  
  28  2:52  Drone x2  
  31  2:58  Drone x2  
  32  3:07  Drone  
  32  3:11  Zergling x6  
  32  3:12  Zergling x2  
  37  3:19  Zergling x2  
  39  3:20  Zergling x6  
  39  3:24  Zergling x2  
  42  3:29  Overlord  
  42  3:31  Baneling  
  42  3:33  Baneling x2  
  42  3:38  Baneling x2  
  42  3:39  Zergling x6  
  42  3:41  Zergling x2  
  46  3:47  Overlord  
  46  3:50  Baneling  
  46  3:52  Zergling x2  
  46  3:55  Zergling x4  
  49  3:59  Zergling x2  
  49  4:08  Zergling x6  
  49  4:09  Zergling x6  
  47  4:11  Zergling x2  
  47  4:12  Zergling x2  
  47  4:15  Baneling  
  50  4:17  Drone  
  50  4:25  Zergling x2  
  50  4:26  Zergling x2  
  50  4:30  Zergling x4  
  50  4:31  Zergling x4  
  53  4:32  Drone  
  53  4:33  Drone  
  53  4:36  Drone  
  53  4:37  Baneling x2  
  52  4:39  Drone  
  52  4:42  Drone  
  54  4:49  Baneling x3  
  54  4:51  Drone x2  
  56  4:55  Drone x2  
  50  5:12  Zergling x14  
  50  5:13  Zergling x4  
  56  5:18  Zergling x2  
  53  5:21  Drone x2  
  53  5:25  Extractor  
  53  5:26  Roach Warren  
  53  5:28  Evolution Chamber  
  52  5:29  Drone x2  
  52  5:31  Baneling  
  52  5:32  Queen  
  52  5:33  Drone  
  57  5:37  Evolution Chamber  
  57  5:40  Baneling x2  
  57  5:42  Overlord  
  56  5:46  Drone  
  57  5:54  Baneling  
  57  6:00  Drone  
  57  6:04  Overlord  
  56  6:05  Overlord  
  56  6:10  Baneling x3  
  54  6:11  Overlord  
  54  6:12  Baneling  
  54  6:13  Baneling, Zergling x4  
  54  6:14  Zergling x12  
  57  6:29  Zergling x8  
  57  6:30  Zergling x4  
  57  6:31  Zergling x2  
  56  6:33  Drone x2  
  56  6:37  Baneling x2  
  57  6:41  Roach  
  62  6:47  Roach  
  62  6:49  Drone  
  62  6:50  Extractor  
Show
View Real Time Build Order
Export as new Build Order

Stephano Zerg - Winner!

Build Orders: Hatch First, Zergling Baneling 

Get SALT Encoding   

  12  0:01  Drone  
  13  0:13  Overlord  
  13  0:18  Drone  
  14  0:31  Drone x2  
  14  0:35  Drone  
  17  0:53  Hatchery  
  17  0:54  Drone  
  17  0:57  Drone  
  18  1:07  Extractor  
  17  1:12  Spawning Pool  
  17  1:14  Drone  
  17  1:18  Drone  
  18  1:28  Drone  
  19  1:39  Overlord  
  19  1:50  Drone  
  20  1:58  Queen  
  20  2:00  Drone  
  23  2:05  Queen  
  23  2:06  Drone  
  23  2:07  Metabolic Boost  
  26  2:12  Drone  
  27  2:19  Drone  
  28  2:23  Drone  
  28  2:27  Drone  
  30  2:32  Baneling Nest  
  30  2:36  Queen  
  31  2:42  Zergling x4  
  33  2:48  Overlord  
  33  2:54  Hatchery  
  33  2:58  Drone  
  33  3:01  Overlord  
  33  3:03  Zergling x2  
  34  3:08  Drone x2  
  34  3:10  Drone  
  37  3:14  Drone  
  37  3:16  Baneling x2  
  37  3:17  Baneling  
  37  3:19  Drone  
  39  3:21  Zergling x2  
  39  3:23  Drone  
  41  3:27  Zergling x2  
  41  3:31  Zergling x4  
  45  3:41  Zergling x4  
  45  3:42  Drone  
  45  3:45  Baneling  
  45  3:46  Baneling  
  45  3:47  Overlord  
  45  3:48  Zergling x4  
  48  3:56  Zergling x2  
  48  3:57  Zergling x4  
  48  4:00  Baneling x2  
  51  4:07  Zergling x2  
  51  4:08  Zergling x4  
  51  4:13  Zergling x4  
  53  4:24  Drone  
  53  4:27  Drone x2  
  53  4:29  Drone  
  53  4:30  Overlord  
  55  4:32  Drone x2  
  55  4:34  Overlord  
  55  4:36  Drone  
  56  4:39  Roach Warren  
  56  4:42  Baneling x4  
  56  4:44  Extractor  
  54  4:46  Spine Crawler, Zergling x10  
  54  4:48  Baneling  
  58  4:53  Zergling x6  
  58  4:54  Zergling x2  
  62  5:04  Overlord  
  62  5:05  Zergling x2  
  59  5:12  Baneling x3  
  58  5:20  Zergling x16  
  58  5:23  Drone  
  58  5:25  Drone x4  
  66  5:28  Drone  
  66  5:29  Extractor  
  66  5:32  Drone  
  62  6:05  Roach x10  
  80  6:13  Roach x2  
  80  6:15  Zergling x6  
  87  6:18  Zergling x4  
  88  6:30  Roach x3  
  89  6:33  Overlord x2  
  89  6:35  Baneling  
  89  6:36  Baneling  
  89  6:37  Overlord  
  88  6:41  Overlord  
  88  6:44  Baneling x2  
  87  6:47  Zergling x6  
  87  6:52  Baneling x2  
  87  6:54  Zergling x20  
Tags
 
Add a new tag
Caveats
  • Supply blocks, unpowered buildings, or Contaminate may cause inaccurate times.
  • Supply counts are checked every 10 seconds.